 Dungeon Crawl Stone Soup version 0.30-a0-852-g08b95dd62f (webtiles) character file.

Game seed: 14770853697082372868

59183 demibob the Carver (level 14, -2/116 HPs)
             Began as a Demonspawn Wanderer on Mar 4, 2023.
             Was a High Priest of Ru.
             Killed by the air
             ... invoked by a wind drake
              (23 damage)
             ... on level 5 of the Lair of Beasts.
             The game lasted 00:29:43 (18654 turns).

demibob the Carver (Demonspawn Wanderer)           Turns: 18654, Time: 00:29:44

Health: -2/116     AC: 27    Str: 15    XL:     14   Next: 52%
Magic:  18/18      EV:  6    Int: 21    God:    Ru [*****.]
Gold:   1210       SH:  4    Dex: 14    Spells: 19/19 levels left

rFire   . . .      SeeInvis .    a - +4 scimitar (elec)
rCold   + . .      Faith    +    (no shield)
rNeg    + . .      Spirit   .    v - +3 plate armour {Will+}
rPois   .          Reflect  .    (helmet restricted)
rElec   .          Rampage  .    s - +0 cloak
rCorr   .                        o - +2 pair of gloves {Str+3}
Will    ++...                    q - +0 pair of boots {Fly} Stlth
                                 u - amulet of faith {!P}
HPRegen 0.39/turn                C - ring of protection from cold
MPRegen 0.16/turn                y - ring "Dagemnod" {rN+ Int+3}

@: lethally poisoned (-2 -> -13), flying, studying Ranged Weapons, unable to
read
A: horns 2, spiny 3, inability to read after injury 2, no stealth, hated by all,
no earth magic, no hexes magic, no translocations magic, missing an eye, sharp
scales 3, condensation shield, mutation resistance 1, MP-powered wands
a: Renounce Religion, Draw Out Power, Power Leap, Apocalypse


You were on level 5 of the Lair of Beasts.
You worshipped Ru.
Ru was extremely pleased with you.
You visited 2 branches of the dungeon, and saw 16 of its levels.
You also visited: Bailey.

You collected 2825 gold pieces.
You spent 1615 gold pieces at shops.


Innate Abilities, Weirdness & Mutations

You have a pair of horns on your head.
You are completely covered in sharp spines.
You sometimes lose the ability to read scrolls when taking damage.
You cannot be stealthy.
You are hated by all.
You cannot study or cast Earth magic.
You cannot study or cast Hexes magic.
You cannot study or cast Translocations magic.
You are missing an eye, making it more difficult to aim.
You are completely covered in razor-sharp scales. (AC +3, Slay +3)
A meltable shield of frost defends you. (SH +4)
You are somewhat resistant to further mutation.
You expend magic power (3 MP) to strengthen your wands.


   Skills:
 + Level 12.7 Fighting
 - Level 7.9(11.5) Short Blades
 - Level 13.1(14.0) Long Blades
 - Level 1.0 Throwing
 + Level 11.4 Armour
 - Level 3.8 Dodging
 - Level 3.0 Spellcasting
 - Level 8.6 Evocations


You had 19 spell levels left.
You didn't know any spells.
Your spell library contained the following spells:

 Spells                   Type           Power      Damage    Failure   Level
 Cigotuvi's Dreadful Rot  Necr/Pois/Air  6%         N/A       100%        2
 Poisonous Vapours        Pois/Air       6%         N/A       100%        2
 Ignite Poison            Fire/Tmut/Pois 3%         N/A       100%        3
 Mephitic Cloud           Conj/Pois/Air  3%         N/A       100%        3
 Freezing Cloud           Conj/Ice/Air   1%         6-21      100%        5
 Orb of Destruction       Conj           1%         9d5       100%        7
 Apportation              Tloc           Unusable   N/A       N/A         1
 Sandblast                Erth           Unusable   2d5       N/A         1
 Summon Small Mammal      Summ           Unusable   N/A       N/A         1
 Call Canine Familiar     Summ           Unusable   N/A       N/A         3
 Kindle Blastsparks       Fire/Tloc/Air  Unusable   2d10      N/A         3
 Stone Arrow              Conj/Erth      Unusable   3d7       N/A         3
 Summon Guardian Golem    Hex/Summ       Unusable   N/A       N/A         3
 Leda's Liquefaction      Hex/Erth       Unusable   N/A       N/A         4
 Summon Ice Beast         Ice/Summ       Unusable   N/A       N/A         4
 Summon Mana Viper        Hex/Summ       Unusable   N/A       N/A         5
 Monstrous Menagerie      Summ           Unusable   N/A       N/A         7
 Spellforged Servitor     Conj/Summ      Unusable   N/A       N/A         7

Inventory:

Hand Weapons
 a - a +4 scimitar of electrocution (weapon)
 b - a +2 scimitar of flaming
 r - a +2 great sword
 E - a +3 heavy long sword
Missiles
 f - 37 boomerangs (quivered)
 l - 3 throwing nets {=f}
Armour
 o - a +2 pair of gloves of strength (worn)
 q - a +0 pair of boots of flying (worn)
 s - a +0 cloak (worn)
 v - a +3 plate armour of willpower (worn)
 G - a scarf of shadows
Jewellery
 u - an amulet of faith (around neck) {!P}
 y - the ring "Dagemnod" (right hand) {rN+ Int+3}
   (You found it on level 9 of the Dungeon)

   [ring of positive energy]

   Int:       It affects your intelligence (+3).
   rN:        It protects you from negative energy.
 z - a ring of wizardry
 C - a ring of protection from cold (left hand)
 S - a +6 ring of strength
 Z - a ring of wizardry
Wands
 d - a wand of charming (19)
 h - a wand of roots (10)
 j - a wand of mindburst (7)
 I - a wand of digging (4)
Scrolls
 c - 4 scrolls of blinking
 e - 9 scrolls of teleportation {@r2}
 g - 6 scrolls of fog
 i - 3 scrolls of enchant weapon
 t - 6 scrolls of identify {@r1}
 w - a scroll of magic mapping
 H - a scroll of brand weapon
 J - 2 scrolls of fear
Potions
 k - a potion of resistance
 m - 7 potions of flight
 n - 2 potions of brilliance
 p - 5 potions of attraction
 A - 3 potions of might
 B - a potion of haste {@q3}
 D - 3 potions of curing {@q1}
 F - 3 potions of ambrosia
Miscellaneous
 x - a condenser vane (inert)

Dungeon Overview and Level Annotations

Branches:
Dungeon (11/15)            Temple (0/1) D:7            Lair (5/5) D:10
  Swamp (0/4) Lair:3        Snake (0/4) Lair:3        Slime (0/5) Lair:4
    Orc (0/2) D:9          Bailey (visited)

Altars:
Gozag
Kikubaaqudgha
Makhleb
Nemelex Xobeh
Okawaru
Qazlal
Ru
Sif Muna
Trog
Uskayaw
Vehumet
Wu Jian

Shops:
D:1 [   D:3 (   D:4 :   D:6 ?   D:8 [   D:9 (

Annotations:
D:8 3 runed translucent doors, DiggyJ's ghost, weakling GnDe
Lair:4 1 runed translucent door

▒.~~▒~▒▒~.........#
▒~▒~~~~~.~P#......# ~
▒~~~~~~~~.........#
.~▒~▒§▒~▒▒.....#...##
~~..~~§§▒▒..........#
~~~~8P~~~~~..#....###
.~~~.~§.~~§....#..##
~~$~~~▒.▒†☼....#...#
8~▒~~~▒°§@.........# ~
▒~~~▒§k§.....P..##
▒~▒~~~~~~........##
▒8~~▒~▒▒~..P#...#.##
▒▒▒▒▒▒▒▒▒▒▒▒▒▒~▒~...........#
~~~~~~.~~~~~~~~~~..........#.#
~P~~~~~~~~~~~.~~~~...........#
▒~~~~P~~▒~~▒~~~▒▒~............#
▒~P▒~~~▒▒~~▒▒~~▒▒.............#


You could see a wind drake (repels missiles, extremely poisoned, catching
breath).


Message History

The wind drake is engulfed in poison gas.
The wind drake looks as sick as possible!
You feel better.
You are engulfed in poison gas.
You are poisoned.
* * * LOW HITPOINT WARNING * * *
You feel very sick.
You break out of your daze!
You kill the merfolk avatar!
The wind drake is engulfed in poison gas.
The wind drake looks as sick as possible!
The wind drake is struck by your spines.
The wind drake bites you but does no damage.
Training target 14.0 for Long Blades reached!
You are engulfed in poison gas.
You are more poisoned.
* * * LOW HITPOINT WARNING * * *
You feel very sick.
The wind drake is engulfed in poison gas.
The wind drake looks as sick as possible!
The wind drake exhales a fierce blast of wind!
You are knocked back by the gust of wind.
You slam into the stone wall!
* * * LOW HITPOINT WARNING * * *
You see here a merfolk corpse.
You feel very sick.
The wind drake is engulfed in poison gas.
The wind drake looks as sick as possible!
The wind drake flaps its wings at you. The air twists around and strikes you!!
You die...

Skill      XL: |  1  2  3  4  5  6  7  8  9 10 11 12 13 14 |
---------------+-------------------------------------------+-----
Short Blades   | 1 2 3 4 5 6 7 |  7.9
Fighting       | 1 3 5 7 8 9 11 12 | 12.7
Armour         | 3 5 6 8 9 10 11 | 11.4
Long Blades    | 4 6 9 11 12 13 | 13.1
Evocations     | 4 8 |  8.6
Earth Magic    | 0 |  0.0
Translocations | 0 |  0.0
Dodging        | 3 |  3.8
Throwing       | |  1.0
Spellcasting   | |  3.0

Action                     |  1- 3 |  4- 6 |  7- 9 | 10-12 | 13-15 || total
---------------------------+-------+-------+-------+-------+-------++-------
  Melee: Dagger            |    17 |       |       |       |       ||    17
         Short sword       |    69 |    62 |    75 |       |       ||   206
         Headbutt          |       |     5 |    36 |    79 |   125 ||   245
         Punch             |       |       |     2 |     5 |     7 ||    14
         Long sword        |       |       |   104 |   107 |       ||   211
         Scimitar          |       |       |       |   335 |   509 ||   844
 Invoke: Sacrifice Stealth |       |       |     1 |       |       ||     1
         Sacrifice an Eye  |       |       |       |     1 |       ||     1
         Sacrifice Words   |       |       |       |     1 |       ||     1
         Power Leap        |       |       |       |     1 |       ||     1
         Sacrifice Arcana  |       |       |       |     1 |       ||     1
         Reject Sacrifices |       |       |       |       |     2 ||     2
         Sacrifice Love    |       |       |       |       |     1 ||     1
  Evoke: Wand              |       |       |    15 |     7 |       ||    22
         Condenser vane    |       |       |       |       |     1 ||     1
    Use: Scroll            |     9 |     5 |     8 |     5 |     1 ||    28
         Potion            |       |     4 |     5 |     5 |     3 ||    17
   Stab: Sleeping          |     2 |       |       |       |       ||     2
         Confused          |       |       |       |     1 |       ||     1
         Invisible         |       |       |       |       |     4 ||     4
 Armour: Robe              |    10 |    15 |    60 |     7 |       ||    92
         Plate armour      |       |       |       |   279 |   252 ||   531
         Skin              |       |       |       |     4 |       ||     4
  Dodge: Dodged            |    35 |    28 |    96 |    91 |    99 ||   349
  Block: Other             |       |       |    38 |    71 |    58 ||   167

Levels and vault maps discovered:
D:1:      psy_arrival_fountain, layout_rooms, serial_shops, nicolae_shop_trees,
          serial_corexii_hall, corexii_hall_statues_x,
          corexii_hall_statues_deadend
D:2:      layout_basic, kennysheep_donut
D:3:      layout_loops_ring, nemelex_spade_bored_becter,
          nicolae_overflow_hidden_temple, serial_shops,
          nicolae_shop_behind_doors
D:4:      layout_basic, old_standard_altar, serial_shops, shop_statue
D:5:      layout_gridville, mainiacjoe_overflow_alcove_1,
          mainiacjoe_overflow_boulevard, uniq_menkaure
D:6:      layout_loops_ring, lemuel_doored_altar, serial_shops, kennysheep_mini,
          minivault_26, uniq_grinder, uniq_prince_ribbit1
D:7:      layout_loops_ring, grunt_temple_overflow_open,
          minmay_temple_entry_drinking_statues, uniq_maggie
D:8:      layout_basic, gammafunk_ghost_nasty_kobolds, enter_bailey_4,
          serial_shops, shop_fountains, david_defended_altar_orc, uniq_maurice
D:9:      layout_irregular_city, erik_orc_1, serial_shops,
          nicolae_shop_bloodbath_and_beyond, uniq_erica
D:10:     layout_loops_cross, old_standard_altar, dpeg_lair_monsters,
          uniq_nergalle
D:11:     layout_loops_ring
Lair:1:   layout_cellular_growth, serial_bayou_lagoon_a, grunt_megastairs_5,
          infiniplex_staircase_pool_2
Lair:2:   layout_chaotic_city, grunt_megastairs_2, serial_bayou_shore_b
Lair:3:   layout_cellular_growth, minmay_swamp_entry_wisps,
          minmay_snake_entry_guardpost_small, bh_autumn_forest_stairs
Lair:4:   onia_ninara_swampy_vault, layout_hall_layers, slime_entry_2,
          serial_bayou_lake_a, lemuel_fruit_tree
Lair:5:   gammafunk_lair_ancient_temple, layout_gridlike, lemuel_fruit_fields,
          lemuel_fruit_fields

Notes
Turn   | Place    | Note
-------+----------+-------------------------------------------
     0 | D:1      | demibob the Demonspawn Wanderer began the quest for the
                  | Orb.
     0 | D:1      | demibob set off with the following items: a +0 dagger, 7
                  | boomerangs, a scroll of blinking, a +0 robe; and the
                  | following spells available to memorise: Sandblast,
                  | Apportation, Stone Arrow, Kindle Blastsparks, Leda's
                  | Liquefaction.
     0 | D:1      | Reached XP level 1. HP: 13/13 MP: 4/4
    43 | D:1      | Reached skill level 1 in Short Blades
   201 | D:1      | Gained mutation: You are partially covered in sharp spines.
                  | [demonic ancestry]
   201 | D:1      | Reached XP level 2. HP: 19/19 MP: 6/6
   240 | D:1      | Reached skill level 2 in Short Blades
   313 | D:1      | Found Akhlaevuh's Antique Armour Emporium.
   391 | D:1      | Gained mutation: You are mostly covered in sharp spines.
                  | [demonic ancestry]
   391 | D:1      | Reached XP level 3. HP: 24/24 MP: 7/7
  1077 | D:2      | Reached skill level 3 in Short Blades
  1657 | D:3      | Found a sacrificial altar of Ru.
  1660 | D:3      | Found a hide-covered altar of Uskayaw.
  1703 | D:3      | Found a sparkling altar of Nemelex Xobeh.
  1739 | D:3      | Found Kezaeczi's Antique Weapon Boutique.
  1847 | D:3      | Reached XP level 4. HP: 28/30 MP: 8/8
  1936 | D:3      | Found a bloodstained altar of Trog.
  1936 | D:3      | Found an ornate altar of the Wu Jian Council.
  2184 | D:4      | Noticed a sky beast
  2192 | D:4      | HP: 3/30 [sky beast (5)]
  2195 | D:4      | Killed a sky beast
  2196 | D:4      | Reached skill level 4 in Short Blades
  2196 | D:4      | Reached XP level 5. HP: 5/35 MP: 9/9
  2763 | D:4      | Found Bibbur's Book Shop.
  2920 | D:4      | Noticed a black bear
  2929 | D:4      | Killed a black bear
  2930 | D:4      | Reached skill level 5 in Short Blades
  2930 | D:4      | Gained mutation: You have a pair of small horns on your
                  | head. [demonic ancestry]
  2930 | D:4      | Reached XP level 6. HP: 31/41 MP: 10/10
  3021 | D:3      | Found a hazy altar of Hepliaklqana.
  3026 | D:3      | Became a worshipper of Ru the Awakened
  3142 | D:4      | Gained mutation: Your mind is acute. (Int +4, Str/Dex -1)
                  | [potion of mutation]
  3142 | D:4      | Gained mutation: Your movements are slightly less
                  | encumbered by armour. (ER -2) [potion of mutation]
  3143 | D:4      | Lost mutation: Your movements are slightly less encumbered
                  | by armour. (ER -2) [potion of mutation]
  3143 | D:4      | Lost mutation: Your mind is acute. (Int +4, Str/Dex -1)
                  | [potion of mutation]
  3143 | D:4      | Gained mutation: You expend magic power (3 MP) to
                  | strengthen your wands. [potion of mutation]
  3143 | D:4      | Gained mutation: You are somewhat resistant to further
                  | mutation. [potion of mutation]
  3151 | D:5      | Entered Level 5 of the Dungeon
  3210 | D:5      | Reached skill level 6 in Short Blades
  3386 | D:5      | Noticed a water moccasin
  3405 | D:5      | Killed a water moccasin
  3406 | D:5      | Reached skill level 1 in Fighting
  3409 | D:5      | Gained mutation: A meltable shield of frost defends you.
                  | (SH +4) [demonic ancestry]
  3409 | D:5      | Reached XP level 7. HP: 31/48 MP: 11/11
  3523 | D:5      | Reached skill level 2 in Armour
  3659 | D:5      | Reached skill level 2 in Fighting
  3720 | D:5      | Noticed Menkaure
  3722 | D:5      | Killed Menkaure
  3818 | D:5      | Found an opulent altar of Gozag.
  3844 | D:5      | Reached skill level 3 in Fighting
  3844 | D:5      | Reached skill level 3 in Armour
  3887 | D:5      | Noticed a hornet
  3895 | D:5      | Paralysed by a hornet for 3 turns
  3899 | D:5      | HP: 2/52 [hornet (7)]
  3900 | D:5      | Killed a hornet
  3901 | D:5      | Reached skill level 7 in Short Blades
  3901 | D:5      | Gained mutation: You have a pair of horns on your head.
                  | [demonic ancestry]
  3901 | D:5      | Reached XP level 8. HP: 3/58 MP: 5/12
  4301 | D:5      | Reached skill level 4 in Fighting
  4313 | D:5      | Found a shimmering blue altar of Sif Muna.
  4503 | D:5      | Identified a potion of resistance
  4701 | D:6      | Reached skill level 4 in Armour
  4715 | D:6      | Gained mutation: You cannot be stealthy. [Ru sacrifice]
  4745 | D:6      | Noticed Prince Ribbit
  4753 | D:6      | Killed Prince Ribbit
  5027 | D:6      | Found an ancient bone altar of Kikubaaqudgha.
  5118 | D:6      | Noticed Grinder
  5127 | D:6      | Killed Grinder
  5128 | D:6      | Reached skill level 5 in Fighting
  5128 | D:6      | Reached skill level 5 in Armour
  5216 | D:6      | Reached XP level 9. HP: 68/68 MP: 13/13
  5435 | D:6      | Found Fisik's Magic Scroll Shoppe.
  5587 | D:3      | Bought a runed long sword for 188 gold pieces
  5682 | D:7      | Reached skill level 1 in Long Blades
  5969 | D:7      | Found a radiant altar of Vehumet.
  5972 | D:7      | Found a stormy altar of Qazlal.
  5974 | D:7      | Found a burning altar of Makhleb.
  5981 | D:7      | Noticed Maggie
  5985 | D:7      | HP: 3/69 [Maggie/+2 heavy broad axe (22)]
  5989 | D:7      | Killed Maggie
  5990 | D:7      | Reached skill level 6 in Fighting
  5990 | D:7      | Reached skill level 2 in Long Blades
  6300 | D:7      | Found a staircase to the Ecumenical Temple.
  6694 | D:8      | Found Keixid's Armour Boutique.
  6715 | D:8      | Found a runed translucent gate.
  6717 | D:8      | Found a runed translucent gate.
  6718 | D:8      | Found a runed translucent gate.
  6718 | D:8      | Noticed a kobold demonologist
  6718 | D:8      | Noticed DiggyJ's ghost (weakling GnDe)
  6743 | D:8      | Reached skill level 6 in Armour
  6746 | D:8      | Reached skill level 3 in Long Blades
  6926 | D:8      | Found a flagged portal.
  6935 | Bailey   | Entered a bailey
  7140 | Bailey   | Reached skill level 7 in Fighting
  7140 | Bailey   | Noticed an orc knight
  7149 | Bailey   | Reached skill level 4 in Long Blades
  7166 | Bailey   | Killed an orc knight
  7167 | Bailey   | Gained mutation: You are completely covered in sharp
                  | spines. [demonic ancestry]
  7167 | Bailey   | Reached XP level 10. HP: 11/79 MP: 11/14
  7695 | D:8      | Noticed Maurice
  7701 | D:8      | Reached skill level 7 in Armour
  7724 | D:8      | Killed Maurice
  7900 | D:8      | Bought a +3 plate armour of willpower for 585 gold pieces
  8033 | D:3      | Bought a dazzling broad axe for 261 gold pieces
  8033 | D:3      | Identified the +4 broad axe of Pacathra {heavy, rN+ Str+2
                  | Stlth+} (You bought it in a shop on level 3 of the Dungeon)
  8033 | D:3      | Bought a polished halberd for 261 gold pieces
  8033 | D:3      | Identified the +2 halberd "Fyrghef" {flame, rN++} (You
                  | bought it in a shop on level 3 of the Dungeon)
  8317 | D:8      | Found an iron altar of Okawaru.
  8324 | D:8      | Reached skill level 5 in Long Blades
  8579 | D:9      | Found a staircase to the Orcish Mines.
  8649 | D:9      | Reached skill level 8 in Fighting
  8808 | D:9      | Reached skill level 1 in Evocations
  8817 | D:9      | Identified the ring "Dagemnod" {rN+ Int+3}
  8878 | D:9      | Noticed Erica
  8883 | D:9      | Killed Erica
  8884 | D:9      | Reached skill level 2 in Evocations
  8989 | D:9      | Noticed a sixfirhy
  8990 | D:9      | Reached skill level 6 in Long Blades
  8990 | D:9      | Reached skill level 8 in Armour
  9034 | D:9      | Reached skill level 3 in Evocations
  9325 | D:9      | Reached skill level 4 in Evocations
  9333 | D:9      | Gained mutation: You are missing an eye, making it more
                  | difficult to aim. [Ru sacrifice]
  9333 | D:9      | Reached * piety under Ru
  9333 | D:9      | Reached ** piety under Ru
  9438 | D:9      | Gained mutation: You are partially covered in razor-sharp
                  | scales. (AC +1, Slay +1) [demonic ancestry]
  9438 | D:9      | Reached XP level 11. HP: 69/86 MP: 15/15
  9641 | D:9      | Found Kolatt's Weapon Emporium.
  9647 | D:9      | Bought a +4 scimitar of electrocution for 320 gold pieces
  9833 | D:10     | Entered Level 10 of the Dungeon
  9876 | D:10     | Noticed Nergalle
  9889 | D:10     | Killed Nergalle
  9911 | D:10     | Reached skill level 7 in Long Blades
  9921 | D:10     | Reached skill level 5 in Evocations
 10025 | D:10     | You are sucked into a shaft and drop 1 floor!
 10222 | D:10     | Noticed a two-headed ogre
 10233 | D:10     | Killed a two-headed ogre
 10234 | D:10     | Reached skill level 6 in Evocations
 10479 | D:10     | Found a basalt altar of Yredelemnul.
 10525 | D:10     | Found a staircase to the Lair.
 10525 | D:10     | Noticed a death yak
 10526 | D:10     | Noticed a death yak
 10536 | D:10     | Killed a death yak
 10537 | D:10     | Reached skill level 8 in Long Blades
 10538 | D:10     | Noticed a death yak
 10550 | D:10     | Killed a death yak
 10559 | D:10     | Killed a death yak
 10560 | D:10     | Reached skill level 7 in Evocations
 11040 | Lair:1   | Entered Level 1 of the Lair of Beasts
 11047 | Lair:1   | Gained mutation: You occasionally lose the ability to read
                  | scrolls when taking damage. [Ru sacrifice]
 11047 | Lair:1   | Gained mutation: You sometimes lose the ability to read
                  | scrolls when taking damage. [Ru sacrifice]
 11047 | Lair:1   | Reached *** piety under Ru
 11110 | Lair:1   | Reached skill level 9 in Long Blades
 11368 | Lair:1   | Reached skill level 8 in Evocations
 11553 | Lair:1   | Gained mutation: You are mostly covered in razor-sharp
                  | scales. (AC +2, Slay +2) [demonic ancestry]
 11553 | Lair:1   | Reached XP level 12. HP: 83/92 MP: 16/16
 12319 | Lair:2   | Reached skill level 10 in Long Blades
 12580 | Lair:1   | Gained mutation: You cannot study or cast Earth magic. [Ru
                  | sacrifice]
 12580 | Lair:1   | Gained mutation: You cannot study or cast Hexes magic. [Ru
                  | sacrifice]
 12580 | Lair:1   | Gained mutation: You cannot study or cast Translocations
                  | magic. [Ru sacrifice]
 12580 | Lair:1   | Reduced skill Earth Magic to level 0
 12580 | Lair:1   | Reduced skill Translocations to level 0
 12580 | Lair:1   | Reached **** piety under Ru
 12651 | Lair:2   | Noticed a death yak
 12660 | Lair:2   | Noticed a death yak
 12662 | Lair:2   | Noticed a death yak
 12664 | Lair:2   | Reached skill level 9 in Fighting
 12677 | Lair:2   | Killed a death yak
 12682 | Lair:2   | Killed a death yak
 12683 | Lair:2   | Reached skill level 9 in Armour
 12691 | Lair:2   | Killed a death yak
 12853 | Lair:2   | You are sucked into a shaft and drop 2 floors!
 12875 | Lair:4   | Noticed an alligator
 12875 | Lair:4   | Noticed an alligator
 12885 | Lair:4   | Killed an alligator
 12888 | Lair:4   | Killed an alligator
 13297 | Lair:3   | Reached skill level 11 in Long Blades
 13297 | Lair:3   | Gained mutation: You are completely covered in razor-sharp
                  | scales. (AC +3, Slay +3) [demonic ancestry]
 13297 | Lair:3   | Reached XP level 13. HP: 90/103 MP: 17/17
 13350 | Lair:3   | Reached skill level 10 in Fighting
 13478 | Lair:3   | Found a staircase to the Swamp.
 13755 | Lair:2   | Reached skill level 10 in Armour
 14830 | Lair:3   | Found a staircase to the Snake Pit.
 14846 | Lair:3   | Reached skill level 11 in Fighting
 15572 | Lair:4   | Reached skill level 1 in Dodging
 15672 | Lair:4   | Reached skill level 12 in Long Blades
 15759 | Lair:4   | Reached skill level 2 in Dodging
 15860 | Lair:4   | Gained mutation: You are hated by all. [Ru sacrifice]
 15860 | Lair:4   | Reached ***** piety under Ru
 16203 | Lair:4   | Found a runed translucent door.
 16206 | Lair:4   | Found a staircase to the Slime Pits.
 16746 | Lair:4   | Reached skill level 3 in Dodging
 17007 | Lair:5   | Entered Level 5 of the Lair of Beasts
 17019 | Lair:5   | Reached XP level 14. HP: 107/114 MP: 18/18
 17406 | Lair:5   | Reached skill level 12 in Fighting
 17755 | Lair:5   | Reached skill level 11 in Armour
 18221 | Lair:5   | Identified the +2 helmet "Kubbux" {Stlth+}
 18290 | Lair:5   | Reached skill level 13 in Long Blades
 18654 | Lair:5   | Killed from afar by a wind drake

Vanquished Creatures
  7 hydras
  A boulder beetle (Lair:5)
  A merfolk avatar (Lair:5)
  A two-headed ogre (D:10)
  2 alligators (Lair:4)
  Erica (D:9)
  15 death yaks
  Nergalle (D:10)
  A sea snake (Lair:5)
  2 swamp dragons (Lair:4)
  A lindwurm (Lair:5)
  An orc knight (Bailey)
  A harpy (Lair:5)
  A will-o-the-wisp (Lair:3)
  A cyclops (D:11)
  21 elephants
  Maurice (D:8)
  2 torpor snails
  4 black mambas
  10 cane toads
  4 rime drakes (Lair:5)
  3 kobold demonologists
  Maggie (D:7)
  12 komodo dragons
  5 polar bears
  2 hornets
  Prince Ribbit (D:6)
  Grinder (D:6)
  2 wind drakes (Lair:5)
  2 snapping turtles (Lair:5)
  12 blink frogs
  47 yaks
  10 vampire mosquitoes
  6 wyverns
  A wraith (D:11)
  A steam dragon (Lair:5)
  Menkaure (D:5)
  5 swamp worms (Lair:4)
  3 nagas (Lair:3)
  An acid dragon (D:8)
  8 water moccasins
  10 orc warriors
  3 swamp drakes
  2 ice beasts
  2 black bears
  A sky beast (D:4)
  16 wolves
  A centaur (D:6)
  3 ogres
  2 phantoms
  2 kobold brigands
  11 bullfrogs
  3 scorpions
  7 wights (D:9)
  5 killer bees (D:8)
  2 electric eels
  2 hounds
  2 jellies
  10 orc priests
  A gnoll bouda (D:8)
  2 iguanas
  10 orc wizards
  A sleepcap (D:5)
  5 gnolls
  4 adders
  2 river rats (D:10)
  2 white imps
  2 worms
  3 dart slugs
  27 orcs
  8 ball pythons
  5 bats
  5 endoplasms
  2 giant cockroaches
  8 goblins
  6 hobgoblins
  4 quokkas
  2 frilled lizards (D:2)
  27 kobolds
  A rat (D:3)
414 creatures vanquished.

Vanquished Creatures (others)
  A hydra (Lair:5)
  An orc warrior (D:9)
  An orc (D:9)
  A foxfire (Lair:3)
  25 fungi
  74 plants
103 creatures vanquished.

Grand Total: 517 creatures vanquished

Table legend: (Time is in decaauts)
 A = Elapsed time spent in this place.
 B = Non-inter-level travel time spent in this place.
 C = Inter-level travel time spent in this place.
 D = Time resting spent in this place.
 E = Time spent auto-exploring this place.
 F = Levels seen in this place.
 G = Mean time per level.
                   A        B        C        D        E       F      G
               +--------+--------+--------+--------+--------+-----+--------+
         Total |  18579 |  17933 |    646 |   1898 |  13397 |  17 | 1092.9 |
       Dungeon |  10466 |   9901 |    565 |    695 |   7910 |  11 |  951.5 |
          Lair |   7441 |   7361 |     80 |    915 |   5271 |   5 | 1488.2 |
        Bailey |    671 |    671 |      0 |    287 |    215 |   1 |  671.0 |
               +--------+--------+--------+--------+--------+-----+--------+

Top non-repeatable levels by time:
     D:5: 1617 daAuts
  Lair:4: 1614 daAuts
  Lair:5: 1585 daAuts
  Lair:1: 1476 daAuts
  Lair:2: 1391 daAuts
  Lair:3: 1373 daAuts
     D:9: 1308 daAuts
     D:8: 1146 daAuts
     D:4: 1078 daAuts
     D:7: 1020 daAuts
    D:10: 1015 daAuts
     D:6: 853 daAuts
     D:1: 776 daAuts
     D:3: 771 daAuts
     D:2: 679 daAuts

Table legend:
 A = Non-vault XP
 B = Vault XP
 C = Vault XP percentage of total XP
 D = Non-vault monster count
 E = Vault monster count
 F = Vault count percentage of total count
                 A         B        C        D         E       F
            +---------+---------+-------+---------+---------+-------
      Total |   64463 |   20085 |  23.8 |     317 |      99 |  23.8
            +---------+---------+-------+---------+---------+-------
        D:1 |      45 |       0 |   0.0 |      18 |       0 |   0.0
        D:2 |      28 |       0 |   0.0 |      11 |       0 |   0.0
        D:3 |      35 |       0 |   0.0 |      13 |       0 |   0.0
        D:4 |     322 |       0 |   0.0 |       7 |       0 |   0.0
        D:5 |    1202 |     175 |  12.7 |      14 |       1 |   6.7
        D:6 |     425 |     567 |  57.2 |       6 |       2 |  25.0
        D:7 |     588 |     370 |  38.6 |      24 |       1 |   4.0
        D:8 |    1063 |     583 |  35.4 |      26 |       9 |  25.7
        D:9 |    2827 |    1375 |  32.7 |      21 |      17 |  44.7
       D:10 |    3327 |    3210 |  49.1 |      18 |       7 |  28.0
       D:11 |    1290 |       0 |   0.0 |       5 |       0 |   0.0
     Lair:1 |    6496 |       0 |   0.0 |      31 |       0 |   0.0
     Lair:2 |   14308 |     557 |   3.7 |      25 |       5 |  16.7
     Lair:3 |    8609 |    1013 |  10.5 |      29 |       4 |  12.1
     Lair:4 |    8784 |    4813 |  35.4 |      24 |      15 |  38.5
     Lair:5 |   15114 |    5681 |  27.3 |      45 |      15 |  25.0
     Bailey |       0 |    1741 | 100.0 |       0 |      23 | 100.0
            +---------+---------+-------+---------+---------+-------
